 Dungeon Crawl Stone Soup version 0.23.0-2-g0fe3ce5 (webtiles) character file.

Game seed: 6903818689927199345

349 Gorice the Chopper (level 6, -4/47 HPs)
             Began as a Demonspawn Monk on Feb 19, 2019.
             Slain by an ogre
             ... wielding a +0 giant club
              (22 damage)
             ... on level 4 of the Dungeon.
             The game lasted 00:13:02 (3856 turns).

Gorice the Chopper (Demonspawn Monk)                Turns: 3856, Time: 00:13:02

Health: -4/47      AC: 12    Str: 13    XL:     6   Next: 33%
Magic:  0/6        EV:  7    Int: 11    God:
Gold:   162        SH:  0    Dex: 16    Spells: 5/5 levels left

rFire    . . .     SeeInvis .   a - +1 hand axe
rCold    . . .     Gourm    .   (no shield)
rNeg     . . .     Faith    .   x - +0 chain mail
rPois    .         Spirit   +   (helmet restricted)
rElec    .         Reflect  .   (no cloak)
rCorr    .         Harm     .   p - +0 pair of gloves
MR       .....                  (no boots)
Stlth    ..........             (no amulet)
HPRegen  0.15/turn              (no ring)
MPRegen  0.10/turn              (no ring)

@: no status effects
A: horns 1, icy blue scales 1, powered by death 1, magic shield
a: no special abilities


You were on level 4 of the Dungeon.
You were not hungry.

You visited 1 branch of the dungeon, and saw 4 of its levels.
You also visited: Sewer.

You collected 162 gold pieces.

Inventory:

Hand Weapons
 a - a +1 hand axe (weapon)
 b - a +4 hunting sling
 e - a cursed +0 hunting sling
 s - a +0 blowgun
 y - a +0 war axe
Missiles
 j - 20 sling bullets
 q - 5 tomahawks (quivered)
 Y - 131 stones
Armour
 f - a +0 robe
 l - a +0 scale mail
 p - a +0 pair of gloves (worn)
 x - a +0 chain mail (worn)
Scrolls
 g - a scroll of amnesia
 o - a scroll of remove curse
 t - 3 scrolls of teleportation {!r}
 w - 3 scrolls of fog
Potions
 d - 4 potions of haste {!q}
 h - a potion of agility {!q}
 i - a potion of curing
 k - 4 potions of resistance {!q}
 m - a potion of invisibility {unknown}
 r - a potion of magic {unknown}
 u - 3 potions of heal wounds {!q}
 v - a potion of might {unknown}
Comestibles
 c - 4 rations
 n - 8 chunks of flesh


   Skills:
 - Level 3.0 Fighting
 * Level 5.7 Axes
 + Level 2.9 Armour
 - Level 2.6 Dodging
 - Level 1.7 Stealth


You had 5 spell levels left.
You didn't know any spells.
Your spell library contained the following spells:

 Spells                   Type           Power        Failure   Level  Hunger
 Magic Dart               Conj           #...         100%        1    ##.....
 Blink                    Tloc           N/A          100%        2    ###....
 Call Imp                 Summ           #.......     100%        2    ###....
 Slow                     Hex            #.......     100%        2    ###....
 Conjure Flame            Conj/Fire      #.......     100%        3    ####...
 Mephitic Cloud           Conj/Pois/Air  #.......     100%        3    ####...


Dungeon Overview and Level Annotations

Branches:
Dungeon (4/15)
 Temple: D:4-7

Altars:
Cheibriados
Gozag


Innate Abilities, Weirdness & Mutations

You have a pair of small horns on your head.
You are partially covered in icy blue scales. (AC +2)
You regenerate a little health from kills.
When hurt, damage is shared between your health and your magic reserves.


Message History

n - 5 chunks of flesh (gained 4)
You see here an orc skeleton.
Things that are here:
a +0 club; an orc corpse You butcher the orc corpse.
n - 8 chunks of flesh (gained 3)
Things that are here:
a +0 club; an orc skeleton
There is a stone staircase leading down here.
HP restored.
There is a stone staircase leading down here.
You climb downwards.
Found 28 stones.
There is a stone staircase leading up here.
Y - 131 stones (gained 28)
An ogre comes into view. It is wielding a +0 giant club.
The ogre shouts!
Throwing (i - inventory. (/) - cycle)
q - 8 tomahawks (quivered)
Press: ? - help, Shift-Dir - straight line, f - ogre
Aim: an ogre, wielding a +0 giant club You throw a tomahawk.
The tomahawk barely misses the ogre.
Throwing (i - inventory. (/) - cycle)
q - 7 tomahawks (quivered)
Press: ? - help, Shift-Dir - straight line, f/p - ogre
Aim: an ogre, wielding a +0 giant club You throw a tomahawk.
The tomahawk barely misses the ogre.
The orc wizard shouts!
Throwing (i - inventory. (/) - cycle)
q - 6 tomahawks (quivered)
Press: ? - help, Shift-Dir - straight line, f/p - ogre
Aim: an ogre, wielding a +0 giant club You throw a tomahawk.
The tomahawk hits the ogre.
The ogre is lightly wounded.
You hit the ogre.
The ogre is heavily wounded.
The ogre hits you with a +0 giant club!
Damage: 11 (max 11)
Your chain mail prevents you from hitting the ogre.
The ogre is heavily wounded.
The ogre hits you with a +0 giant club.
Damage: 3 (max 11)
You hit the ogre but do no damage. You headbutt the ogre.
The ogre is heavily wounded.
The ogre hits you with a +0 giant club!
Damage: 15 (max 15)
You closely miss the ogre.
You headbutt the ogre, but do no damage.
The ogre is heavily wounded.
You hit the ogre.
The ogre is heavily wounded.
The ogre hits you with a +0 giant club!!
You die...

....# ....# .......#.#
....# .......#.#
###..........#.## .##
......... # .....#.# #.
#..#.# ..
#####....######... .#
....((.(oO@....... .####
###......#########......
#...##..........<..# ..#
##...########## # ###.#
###


You could see an ogre and an orc wizard.

Vanquished Creatures
  A phantom (D:3)
  Natasha (twice) (D:2)
  A worker ant (D:4)
  9 adders
  An ooze (D:3)
  3 worms
  A dart slug (D:1)
  A leopard gecko (D:3)
  7 orcs (D:3)
  5 ball pythons
  4 bats
  4 giant cockroaches
  4 goblins
  5 hobgoblins
  11 jackals
  10 kobolds
  8 frilled lizards
  8 rats
  4 plants (Sewer)
89 creatures vanquished.

Vanquished Creatures (others)
  2 plants (Sewer)
2 creatures vanquished.

Grand Total: 91 creatures vanquished

Notes
Turn   | Place    | Note
-------+----------+-------------------------------------------
     0 | D:1      | Gorice the Demonspawn Monk began the quest for the Orb.
     0 | D:1      | Reached XP level 1. HP: 18/18 MP: 1/1
    96 | D:1      | Reached skill level 3 in Axes
   250 | D:1      | Gained mutation: You are partially covered in icy blue
                  | scales. (AC +2) [demonic ancestry]
   250 | D:1      | Reached XP level 2. HP: 21/24 MP: 2/2
  1071 | D:2      | Gained mutation: You have a pair of small horns on your
                  | head. [demonic ancestry]
  1071 | D:2      | Reached XP level 3. HP: 29/29 MP: 3/3
  1181 | D:2      | Noticed Natasha
  1191 | D:2      | Killed Natasha
  1191 | D:2      | Reached skill level 4 in Axes
  1191 | D:2      | Reached skill level 1 in Armour
  1342 | D:2      | Noticed Natasha
  1354 | D:2      | Killed Natasha
  1354 | D:2      | Gained mutation: When hurt, damage is shared between your
                  | health and your magic reserves. [demonic ancestry]
  1354 | D:2      | Reached XP level 4. HP: 35/35 MP: 4/4
  1621 | D:3      | Found an opulent altar of Gozag.
  1695 | D:3      | Noticed a phantom
  1749 | D:3      | Killed a phantom
  1749 | D:3      | Reached skill level 5 in Axes
  1749 | D:3      | Reached skill level 2 in Armour
  1749 | D:3      | Reached XP level 5. HP: 17/41 MP: 5/5
  1790 | D:3      | Found a glowing drain.
  1827 | Sewer    | Entered a sewer
  2514 | Sewer    | Gained mutation: You regenerate a little health from kills.
                  | [demonic ancestry]
  2514 | Sewer    | Reached XP level 6. HP: 20/47 MP: 3/6
  2528 | Sewer    | HP: 14/47 [poisoned by an adder]
  2536 | Sewer    | HP: 14/47 [poisoned by an adder]
  3241 | D:3      | Found a snail-covered altar of Cheibriados.
  3856 | D:4      | Slain by an ogre

Skill      XL: |  1  2  3  4 |
---------------+-------------+-----
Axes           | 3 4 5 |  5.7
Armour         | 1 2 |  2.9
Fighting       | |  3.0
Dodging        | |  2.6
Stealth        | |  1.7

Action                   |  1- 3 |  4- 6 || total
-------------------------+-------+-------++-------
Melee: Hand axe          |    92 |   344 ||   436
       Headbutt          |     4 |    63 ||    67
 Fire: Hunting sling     |    16 |    13 ||    29
Throw: Tomahawk          |       |     3 ||     3
Evoke: Wand              |       |     1 ||     1
  Use: Scroll            |     3 |     9 ||    12
 Stab: Sleeping          |     2 |       ||     2
  Eat: Chunk             |     1 |    10 ||    11
Armor: Robe              |     4 |       ||     4
       Scale mail        |    25 |   127 ||   152
       Chain mail        |       |     5 ||     5
Dodge: Dodged            |    48 |   154 ||   202

Table legend:
 A = Turns spent in this place as a percentage of turns spent in the entire game.
 B = Non-inter-level travel turns spent in this place as a percentage of non-inter-level travel turns spent in the entire game.
 C = Inter-level travel turns spent in this place as a percentage of turns spent in this place.
 D = Turns resting spent in this place as a percentage of non-inter-level travel turns spent in this place.
 E = Turns spent auto-exploring this place as a percentage of non-inter-level travel turns spent in this place.
 F = Non-inter-level travel turns spent in this place divided by the number of levels of this place that you've seen.
                   A       B       C       D       E      F
               +-------+-------+-------+-------+-------+----------------------
         Total | 100.0 | 100.0 |   3.4 |  18.4 |  43.6 | 745.2
       Dungeon |  64.1 |  62.8 |   5.3 |   8.7 |  51.6 | 585.0
         Sewer |  35.9 |  37.2 |   0.0 |  34.7 |  30.0 | 1386.0
               +-------+-------+-------+-------+-------+----------------------

Levels and vault maps discovered:
D:1:      dpeg_arrival_chambers_temple_mockup, layout_loops_ring
D:2:      layout_basic, chequers_big_river, serial_bayou_lake_a, uniq_natasha
D:3:      layout_rooms, nicolae_overflow_crystal_walls,
          cheibrodos_sewer_entry_sluice, chequers_serial_rivers_micro_e,
          cheibriados_altar_1
D:4:      layout_rooms, minmay_temple_entry_junction_2, first_ration,
          kennysheep_dice, uniq_blork_the_orc
Sewer:    sewer_co_scattered_pipes
